 Dungeon Crawl Stone Soup version 0.18.1-48-g4cf74bf (webtiles) character file.

156 Heedrag the Conjurer (level 5, -1/28 HPs)
             Began as a Deep Elf Conjurer on Aug 10, 2016.
             Slain by Heedrag's ghost (4 damage)
             ... on level 3 of the Dungeon.
             The game lasted 00:04:41 (2183 turns).

Heedrag the Conjurer (Deep Elf Conjurer)            Turns: 2183, Time: 00:04:42

Health: -1/28      AC:  3    Str:  6    XL:     5   Next: 14%
Magic:  7/14       EV: 13    Int: 20    God:
Gold:   70         SH:  0    Dex: 15    Spells: 4 memorised, 0 levels left

rFire  . . .     SeeInvis .     d - +0 spear
rCold  . . .     Gourm    .     a - +0 robe
rNeg   . . .     Faith    .     (no shield)
rPois  .         Spirit   .     (no helmet)
rElec  .         Dismiss  .     (no cloak)
rCorr  .         Reflect  .     (no gloves)
SustAt .         Harm     .     v - +0 pair of boots
MR     .....                    (no amulet)
Stlth  ++........               (no ring)
                                (no ring)

@: not resistant to hostile enchantments, unstealthy
A: no striking features
a: no special abilities


You were on level 3 of the Dungeon.
You were not hungry.

You visited 1 branch of the dungeon, and saw 3 of its levels.

You collected 70 gold pieces.

Inventory:

Hand Weapons
 d - a +0 spear (weapon)
Armour
 a - a +0 robe (worn)
 v - a +0 pair of boots (worn)
Jewellery
 s - an uncursed amulet of magic regeneration {unknown}
Scrolls
 e - a scroll of teleportation {unknown}
 h - 5 scrolls of identify {unknown}
 i - a scroll of immolation {unknown}
 j - a scroll of recharging {unknown}
 k - a scroll of magic mapping {unknown}
 l - a scroll of remove curse {unknown}
 u - a scroll of fear {unknown}
Potions
 m - 4 potions of might {unknown}
 o - a potion of haste {unknown}
 p - a potion of heal wounds {unknown}
 r - a potion of curing {unknown}
Books
 b - a book of Conjurations

   Spells                             Type                      Level
   a - Magic Dart                     Conjuration                  1
   b - Searing Ray                    Conjuration                  2
   c - Dazzling Spray                 Conjuration/Hexes            3
   d - Fulminant Prism                Conjuration/Hexes            4
   e - Iskenderun's Mystic Blast      Conjuration                  4
   f - Iskenderun's Battlesphere      Conjuration/Charms           5
Comestibles
 c - 4 bread rations
 f - 2 beef jerkies
 g - 4 meat rations
 n - a royal jelly
 q - 5 chunks of flesh
 t - a slice of pizza


   Skills:
 - Level 2.9 Dodging
 - Level 2.6 Stealth
 + Level 4.8 Spellcasting
 * Level 6.0 Conjurations
 + Level 0.0 Charms


You couldn't memorise any spells.
You knew the following spells:

 Your Spells              Type           Power        Failure   Level  Hunger
a - Magic Dart            Conj           ####         1%          1    None
b - Dazzling Spray        Conj/Hex       ###...       12%         3    ##.....
c - Iskenderun's Mystic   Conj           ####....     12%         4    ####...
d - Iskenderun's Battles  Conj/Chrm      ###.....     89%         5    ######.


Dungeon Overview and Level Annotations

Branches:
Dungeon (3/15)

Altars:
Dithmenos

Annotations:
D:3 Heedrag's ghost, amateur DECj


Message History

Tha magic dart hits ye!
* * * LOW HITPOINT WARNIN'
* * * Castin': Magic Dart Confirm wit' . or Enter, or press ? or * ta list all spells.
Aimin': Magic Dart
Press: ? - help, Shift-Dir - straight line, f/p - Heedrag's ghost
Aim: Heedrag's ghost (almost destroyed) Tha magic dart hits Heedrag's ghost.
Heedrag's ghost be almost destroyed.
Tha rat barely misses ye.
Heedrag's ghost hits ye.
* * * LOW HITPOINT WARNIN'
* * * Castin': Magic Dart Confirm wit' . or Enter, or press ? or * ta list all spells.
Aimin': Magic Dart
Press: ? - help, Shift-Dir - straight line, f/p - Heedrag's ghost
Aim: Heedrag's ghost (almost destroyed) Tha magic dart hits Heedrag's ghost.
Heedrag's ghost be almost destroyed.
Tha rat bites ye but does nay damage.
Heedrag's ghost hits ye.
Ye die...

##.###..# #.)........#
+.......# #..........#
##......# #.............
.#......## #.....####..##
.#.......###.)...# ....
.......#.##.†..### ...
....)..#..#....#########.
.......##.#...........#
.......# .#.....@.....#
......†.. #.....Wr....#
###########...........+
#...........#
#...........#
...#'#.......#
.⌠..#......####
....#..##### .. ....


You could see Heedrag's ghost and a rat.

Vanquished Creatures
  Jessica (D:2)
  2 adders
  2 oozes (D:1)
  2 worms (D:2)
  A dart slug (D:1)
  4 orcs (D:3)
  4 giant cockroaches
  9 goblins
  11 hobgoblins
  2 jackals (D:1)
  4 kobolds
  2 quokkas (D:2)
  6 bats
  7 giant newts
  41 rats
98 creatures vanquished.

Notes
Turn   | Place    | Note
--------------------------------------------------------------
     0 | D:1      | Heedrag the Deep Elf Conjurer began the quest for the Orb.
     0 | D:1      | Reached XP level 1. HP: 10/10 MP: 6/6
   211 | D:1      | Reached XP level 2. HP: 15/15 MP: 2/8
   540 | D:1      | Reached XP level 3. HP: 19/19 MP: 8/10
   545 | D:1      | Learned a level 3 spell: Dazzling Spray
   683 | D:1      | Reached skill level 5 in Conjurations
   885 | D:2      | Noticed Jessica
   887 | D:2      | Killed Jessica
   887 | D:2      | Reached XP level 4. HP: 24/24 MP: 8/12
   899 | D:2      | Learned a level 4 spell: Iskenderun's Mystic Blast
  1132 | D:2      | Found a faded altar to an unknown god.
  1165 | D:2      | Found a shadowy altar of Dithmenos.
  1960 | D:3      | Reached XP level 5. HP: 28/28 MP: 7/14
  2087 | D:3      | Learned a level 5 spell: Iskenderun's Battlesphere
  2096 | D:3      | Reached skill level 6 in Conjurations
  2169 | D:3      | Noticed Heedrag's ghost (amateur DECj)
  2183 | D:3      | Slain by Heedrag's ghost

Skill      XL: |  1  2  3  4  5 |
---------------+----------------+-----
Conjurations   | 5 6 |  6.0
Spellcasting   | 4 |  4.8
Dodging        | |  2.9
Stealth        | |  2.6

Action                   |  1- 3 |  4- 6 || total
-------------------------+-------+-------++-------
Melee: Spear             |     4 |    27 ||    31
 Cast: Magic Dart        |    66 |   101 ||   167
       Dazzling Spray    |       |     1 ||     1
  Eat: Chunk             |       |     4 ||     4
Armor: Robe              |     3 |     8 ||    11
Dodge: Dodged            |     5 |    24 ||    29
